 Dungeon Crawl Stone Soup version 0.28.0-43-g3370ac3207 (webtiles) character file.

Game seed: 676605238007171514

184 xzight the Shield-Bearer (level 5, -4/33 HPs)
             Began as a Gargoyle Fighter on Mar 18, 2022.
             Killed by nerve-wracking pain
             ... invoked by a shadow imp
             ... summoned by Natasha
              (5 damage)
             ... on level 3 of the Dungeon.
             The game lasted 00:05:43 (3348 turns).

xzight the Shield-Bearer (Gargoyle Fighter)         Turns: 3348, Time: 00:05:44

Health: -4/33      AC: 14    Str: 22    XL:     5   Next: 63%
Magic:  5/5        EV:  7    Int:  8    God:
Gold:   82         SH:  4    Dex:  9    Spells: 4/4 levels left

rFire   . . .      SeeInvis .   a - +0 war axe
rCold   . . .      Faith    .   c - +0 buckler
rNeg    + . .      Spirit   .   q - +0 chain mail
rPois   ∞          Reflect  .   (no helmet)
rElec   +          Harm     .   (no cloak)
rCorr   .          Rampage  .   g - +0 pair of gloves
Will    .....                   (no boots)
Stlth   ..........              k - amulet of the acrobat
HPRegen 0.11/turn               (no ring)
MPRegen 0.09/turn               (no ring)

@: slowed, very slow
A: sickness immunity, AC +4, negative energy resistance 1, electricity
resistance, torment resistance 1, petrification resistance
a: no special abilities


You were on level 3 of the Dungeon.
You visited 1 branch of the dungeon, and saw 3 of its levels.

You collected 82 gold pieces.


Innate Abilities, Weirdness & Mutations

You are immune to sickness and miasma.
Your stone body is resilient. (AC +4)
You are immune to poison.
You resist negative energy. (rN+)
You are resistant to electric shocks. (rElec)
You are resistant to unholy torment.
You are immune to petrification.


   Skills:
 + Level 4.2 Fighting
 * Level 3.4 Axes
 + Level 4.2 Armour
 + Level 4.2 Shields


You had 4 spell levels left.
You didn't know any spells.
Your spell library was empty.

Inventory:

Hand Weapons
 a - a +0 war axe (weapon)
Armour
 b - a +0 helmet
 c - a +0 buckler (worn)
 g - a +0 pair of gloves (worn)
 q - a +0 chain mail (worn)
Jewellery
 k - an amulet of the acrobat (around neck)
Scrolls
 e - a scroll of noise {unknown}
 f - a scroll of summoning {unknown}
 j - a scroll of teleportation {unknown}
 l - a scroll of identify {unknown}
 m - a scroll of amnesia {unknown}
 p - a scroll of blinking {unknown}
 r - a scroll of enchant weapon {unknown}
Potions
 d - 3 potions of might
 h - a potion of invisibility {unknown}
 i - a potion of heal wounds {unknown}
 n - a potion of curing {unknown}
 o - a potion of attraction {unknown}

Dungeon Overview and Level Annotations

Branches:
Dungeon (3/15)

Altars:

Shops:
D:1 =

Annotations:
D:3 Natasha

....### ......#......#.# ...
....# ......#####.##.# ....#
............##.# #####
#...........#.# ## ##
#?..........#.#### .# ...
#...........#..... .# ....
#...5.......#..... .###....
###....h......#..... ....)...
#.....@)g...........
.....######....#####..........
......##.......# #......###
......##.......# #........#
.#.....#....#### #....#>#...
.#.....#.......# #....# # ..
.#.....#.......# #....#
......#####....#######..#
.>....^.# #.............#


You could see Natasha, a gnoll and a shadow imp (summoned).


Message History

Natasha is almost dead.
You hit the gnoll. Natasha claws you.
* * * LOW HITPOINT WARNING * * *
The gnoll barely misses you. Natasha casts a spell at you.
The magic dart hits you but does no damage.
The gnoll barely misses you. The gnoll hits you but does no damage.
The gnoll closely misses you. Natasha claws you but does no damage.
The gnoll hits you but does no damage.
Natasha stares at you and mumbles some strange words.
You resist with some effort. The gnoll misses you.
Natasha stares at you and mumbles some strange words.
The magic dart hits you but does no damage.
The gnoll hits you with a +0 flail.
* * * LOW HITPOINT WARNING * * *
You block the gnoll's attack.
You aren't carrying any items that you can evoke.
Natasha casts a spell.
The gnoll barely misses you.
You miss Natasha.
Natasha is almost dead.
You hit the gnoll.
You kill the gnoll!
You block Natasha's attack.
The gnoll hits you from afar with a +0 spear.
* * * LOW HITPOINT WARNING * * *
The gnoll hits you but does no damage. You block Natasha's attack.
The shadow imp gestures at you. Pain shoots through your body!
You die...

Skill      XL: |  1  2  3  4 |
---------------+-------------+-----
Axes           | 2 3 |  3.4
Fighting       | 4 |  4.2
Armour         | 4 |  4.2
Shields        | 4 |  4.2

Action                   |  1- 3 |  4- 6 || total
-------------------------+-------+-------++-------
Melee: War axe           |   104 |   138 ||   242
  Use: Scroll            |       |     1 ||     1
Armor: Scale mail        |    70 |    36 ||   106
       Chain mail        |       |    48 ||    48
Dodge: Dodged            |    79 |    82 ||   161
Block: Buckler           |    26 |    33 ||    59

Levels and vault maps discovered:
D:1:      elethiomel_arrival_maze, layout_loops_ring, serial_shops,
          nicolae_shop_statue_plus, nicolae_ecumenical_snake_handling
D:2:      layout_loops_ring, guppyfry_early_orc_mine
D:3:      layout_basic, uniq_natasha

Notes
Turn   | Place    | Note
-------+----------+-------------------------------------------
     0 | D:1      | xzight the Gargoyle Fighter began the quest for the Orb.
     0 | D:1      | Reached XP level 1. HP: 14/14 MP: 1/1
   116 | D:1      | Found Fecriy's Jewellery Shop.
   263 | D:1      | Reached skill level 2 in Axes
   289 | D:1      | Reached XP level 2. HP: 6/19 MP: 2/2
   710 | D:1      | Found a faded altar of an unknown god.
   777 | D:1      | Reached XP level 3. HP: 13/23 MP: 3/3
  1769 | D:2      | Reached XP level 4. HP: 25/29 MP: 4/4
  2435 | D:2      | Reached skill level 3 in Axes
  2705 | D:2      | Reached skill level 4 in Fighting
  2705 | D:2      | Reached skill level 4 in Armour
  2705 | D:2      | Reached skill level 4 in Shields
  2705 | D:2      | Reached XP level 5. HP: 33/33 MP: 5/5
  2858 | D:3      | Noticed Natasha
  2866 | D:3      | Killed Natasha
  3195 | D:3      | Noticed Natasha
  3209 | D:3      | Killed Natasha
  3322 | D:3      | Noticed Natasha
  3348 | D:3      | HP: 1/33 [gnoll/+0 spear (5)]
  3348 | D:3      | Killed from afar by a shadow imp

Vanquished Creatures
  A hound (D:2)
  Natasha (twice) (D:3)
  2 adders (D:2)
  A gnoll (D:3)
  2 worms (D:2)
  3 orcs (D:2)
  4 endoplasms (D:1)
  3 giant cockroaches
  9 goblins
  9 hobgoblins
  6 jackals (D:2)
  6 kobolds
  2 quokkas (D:2)
  7 ball pythons
  10 bats
  2 frilled lizards (D:2)
  5 rats
74 creatures vanquished.

Table legend: (Time is in decaauts)
 A = Elapsed time spent in this place.
 B = Non-inter-level travel time spent in this place.
 C = Inter-level travel time spent in this place.
 D = Time resting spent in this place.
 E = Time spent auto-exploring this place.
 F = Levels seen in this place.
 G = Mean time per level.
                   A        B        C        D        E       F      G
               +--------+--------+--------+--------+--------+-----+--------+
         Total |   3453 |   3329 |    124 |    859 |   1637 |   3 | 1151.0 |
       Dungeon |   3453 |   3329 |    124 |    859 |   1637 |   3 | 1151.0 |
               +--------+--------+--------+--------+--------+-----+--------+

Top non-repeatable levels by time:
     D:1: 1648 daAuts
     D:2: 1553 daAuts
     D:3: 251 daAuts

Table legend:
 A = Non-vault XP
 B = Vault XP
 C = Vault XP percentage of total XP
 D = Non-vault monster count
 E = Vault monster count
 F = Vault count percentage of total count
                 A         B        C        D         E       F
            +---------+---------+-------+---------+---------+-------
      Total |     222 |      55 |  19.9 |      64 |      10 |  13.5
            +---------+---------+-------+---------+---------+-------
        D:1 |      45 |       2 |   4.3 |      27 |       2 |   6.9
        D:2 |     119 |      17 |  12.5 |      31 |       7 |  18.4
        D:3 |      58 |      36 |  38.3 |       6 |       1 |  14.3
            +---------+---------+-------+---------+---------+-------
